[Event "*** SCC Grand Prix: Titled Tuesday Blitz"]
[Site "Chess.com"]
[Date "2020.06.23"]
[Round "9"]
[White "VladimirBugayev"]
[Black "sasko1234"]
[Result "0-1"]
[WhiteElo "2272"]
[BlackElo "2411"]
[TimeControl "180+1"]
[EndTime "11:45:26 PDT"]
[Termination "sasko1234 won on time"]

1. e4 d6 2. d4 Nf6 3. Nc3 c6 4. a4 Qa5 5. Bd3 e5 6. Ne2 Be7 7. O-O O-O 8. h3 Nbd7 9. Bd2 Qc7 10. a5 Re8 11. f4 Bf8 12. dxe5 dxe5 13. fxe5 Nxe5 14.
Bf4 Bd6 15. Bg5 Nfd7 16. Nd4 Nf8 17. Nf5 Nfg6 18. Qd2 Bf8 19. Kh1 f6 20. Bf4 Be6 21. Bg3 Rad8 22. Qe2 Qf7 23. Rad1 b5 24. Qf2 Qc7 25. Ne2 Qxa5 26. Nf4 Bf7 27. Nh5 Qb6 28.
Nh6+ gxh6 29. Nxf6+ Kh8 0-1

[Event "*** SCC Grand Prix: Titled Tuesday Blitz"]
[Site "Chess.com"]
[Date "2020.06.23"]
[Round "9"]
[White "metalbattler"]
[Black "NiranjanNavalgund"]
[Result "0-1"]
[WhiteElo "2051"]
[BlackElo "2431"]
[TimeControl "180+1"]
[EndTime "11:45:30 PDT"]
[Termination "NiranjanNavalgund won by resignation"]

1. e4 c5 2. Nc3 Nc6 3. f4 g6 4.
Nf3 Bg7 5. Bb5 Nd4 6. O-O Nxb5 7. Nxb5 d6 8. d3 Nf6 9. Qe1 O-O 10. Qh4 Nd7 11. f5 Ne5 12. Bh6 Nxf3+ 13. Rxf3 d5 14. exd5 Qxd5 15. Bxg7 Kxg7 16. Nc7 Qe5 17. Nxa8 Bxf5 18.
Qf4 Qxb2 19. Re1 Rxa8 20. Qe5+ Qxe5 21. Rxe5 Be6 22. Rxc5 Bxa2 23. Rc7 Bd5 24. Rf4 Kf8 25. Ra4 Bc6 26. Ra3 Ke8 27. Rc3 a5 28. d4 Kd8 29.
R7xc6 bxc6 30. Rxc6 a4 31. Rb6 a3 32. Rb1 Rc8 33. Ra1 Rc3 34. Ra2 Kc7 35. Kf2 Kc6 36.
Ke2 Kb5 37. Kd2 Kb4 38. Ra1 Rc4 39. Rb1+ Ka4 40. Kd3 Rb4 41. Ra1 e6 42. c4 Rb2 43.
c5 Rb3+ 44. Kc4 Rb2 45. d5 exd5+ 46. Kxd5 Rxg2 47. c6 Rc2 48. Kd6 Kb3 49. c7 Kb2 50. Rf1 a2 51. Kd7 a1=Q 52. Rxa1 Kxa1 53. c8=Q Rxc8 54.
Kxc8 f5 55. Kd7 f4 0-1

[Event "*** SCC Grand Prix: Titled Tuesday Blitz"]
[Site "Chess.com"]
[Date "2020.06.23"]
[Round "9"]
[White "deep306"]
[Black "VMikhalevski"]
[Result "0-1"]
[WhiteElo "2661"]
[BlackElo "2805"]
[TimeControl "180+1"]
[EndTime "11:45:31 PDT"]
[Termination "VMikhalevski won by checkmate"]

1. e4 e5 2. Nf3 Nc6 3. Bb5 a6 4. Ba4 Nf6 5. d3 b5 6. Bb3 Bc5 7. c3 d6 8. h3 h6 9. Nbd2 a5 10. a4 b4 11. Bc4 O-O 12. O-O Rb8 13. Nb3 Bb6 14. Re1 Qe7 15. Be3 Be6 16. Bxb6 Rxb6 17. Bxe6 fxe6 18. c4 Nh5 19. d4 Nf4 20. Re3 Qf6 21.
c5 dxc5 22. dxc5 Rbb8 23. Qd7 Nd4 24. Nbxd4 Rbd8 25. Qxd8 Rxd8 26. Nc6 Rd3 27. Ncxe5 Rxe3 28. fxe3 Ng6 29. Nxg6 Qxg6 30. Rd1 Qxe4 31. Kf2 Qc2+ 32. Rd2 Qxc5 33. Rd8+ Kh7 34. Kg3 Qc6 35. Rb8 Qxa4 36. Ne5 Qb3 37. Kf4 Qxb2 38. g4 Qf2+ 39. Ke4 Qg2+ 40. Kf4 g5# 0-1

[Event "*** SCC Grand Prix: Titled Tuesday Blitz"]
[Site "Chess.com"]
[Date "2020.06.23"]
[Round "9"]
[White "dopolian"]
[Black "NMZanette"]
[Result "1-0"]
[WhiteElo "2359"]
[BlackElo "2164"]
[TimeControl "180+1"]
[EndTime "11:45:31 PDT"]
[Termination "dopolian won by resignation"]

1. Nf3 f5 2. d3 Nc6 3. Nc3 e5 4. e4 Nf6 5. exf5 d5 6. d4 e4 7. Ne5 Bxf5 8. Bb5 Bd7 9. O-O Nxe5 10. dxe5 Bxb5 11. Nxb5 c6 12. exf6 cxb5 13. fxg7 Bxg7 14. Qh5+ Kf8 15. Rd1 d4 16. Bg5 Qe8 17. Qg4 h5 18. Qf5+ Kg8 19. Re1 Qc6 20. Rxe4 Rf8 21. Qe6+ Qxe6 22. Rxe6 Rf7 23. Rae1 Kh7 24. Re7 Rhf8 25.
f3 Kg6 26. Bd2 Rxe7 27. Rxe7 Rf7 28. Rxf7 Kxf7 29. b3 Ke6 30. Kf1 Kd5 31. Ke2 Be5 32. f4 Bd6 33. Kd3 b6 34. g3 a5 35. h3 a4 36. g4 axb3 37. axb3 hxg4 38. hxg4 Bc7 39.
f5 Be5 40. g5 Bh8 41. f6 Ke6 42. Kxd4 Kf5 43. Kd5 1-0

[Event "*** SCC Grand Prix: Titled Tuesday Blitz"]
[Site "Chess.com"]
[Date "2020.06.23"]
[Round "9"]
[White "GianmarcoVaR"]
[Black "Grieve72"]
[Result "1-0"]
[WhiteElo "2379"]
[BlackElo "2246"]
[TimeControl "180+1"]
[EndTime "11:45:32 PDT"]
[Termination "GianmarcoVaR won on time"]

1. e4 c5 2. Nf3 e6 3. d4 cxd4 4. Nxd4 Nc6 5. Nc3 Qc7 6. Ndb5 Qb8 7. a4 a6 8. Nd4 Nf6 9. Be2 Bb4 10. f3 d5 11. Bg5 Qe5 12. Nxc6 bxc6 13. Qd2 d4 14.
O-O-O c5 15. f4 Qc7 16. Kb1 Nxe4 17. Qd3 Nxg5 18. Na2 Bb7 19. Nxb4 Ne4 20. Qc4 1-0

[Event "*** SCC Grand Prix: Titled Tuesday Blitz"]
[Site "Chess.com"]
[Date "2020.06.23"]
[Round "9"]
[White "CalinGheorghiu"]
[Black "Shahinyan_ChessMood"]
[Result "0-1"]
[WhiteElo "2399"]
[BlackElo "2613"]
[TimeControl "180+1"]
[EndTime "11:45:35 PDT"]
[Termination "Shahinyan_ChessMood won by resignation"]

1. d4 Nf6 2. c4 c5 3. d5 b6 4. Nc3 e6 5. e4 exd5 6. exd5 d6 7. Bd3 Be7 8. h3 O-O 9. Nf3 Re8 10. O-O Nbd7 11.
Bf4 Nf8 12. Re1 Ng6 13. Bh2 a6 14. a4 Bd7 15. Nd2 Qc7 16. Nde4 Nxe4 17. Nxe4 Bf8 18. Qh5 h6 19. Re2 Ne5 20. Bxe5 Rxe5 21. Qf3 Rae8 22. b3 Qb8 23. Rae1 b5 24. axb5 axb5 25. Qg3 Kh8 26. f4 R5e7 27. Qh4 bxc4 28. bxc4 Bf5 29. Nf2 Rxe2 30.
Rxe2 Bxd3 31. Rxe8 Qxe8 32. Nxd3 Qe3+ 33. Nf2 Qc1+ 34.
Kh2 Qxc4 35. Qg4 Qxd5 36. Qc8 Kg8 37. Ng4 c4 38. f5 h5 39. Ne3 Qe5+ 40. Kh1 Qxe3 41.
Qxc4 Qe1+ 0-1

[Event "*** SCC Grand Prix: Titled Tuesday Blitz"]
[Site "Chess.com"]
[Date "2020.06.23"]
[Round "9"]
[White "Alexandercs432"]
[Black "silverback96"]
[Result "1/2-1/2"]
[WhiteElo "2110"]
[BlackElo "2269"]
[TimeControl "180+1"]
[EndTime "11:45:36 PDT"]
[Termination "Game drawn by repetition"]

1. e4 c6 2. d4 d5 3. e5 c5 4. dxc5 Nc6 5. Nf3 Bg4 6. Bb5 Bxf3 7. Bxc6+ bxc6 8. Qxf3 Qa5+ 9. Nc3 e6 10. O-O Bxc5 11. a3 Qc7 12. Re1 Bd4 13. Bf4 Ne7 14. Bg3 Ng6 15. Qe2 Bxc3 16. bxc3 O-O 17. c4 d4 18. h4 Rab8 19. h5 Ne7 20. Qe4 Nf5 21. Bf4 Rb2 22.
g4 Ne7 23. Qxd4 Rxc2 24. Rac1 Rd8 25. Qxd8+ Qxd8 26. Rxc2 g6 27. h6 c5 28. Rd2 Qc7 29. Red1 Nc6 30. Rd7 Qa5 31. Rb7 Kf8 32. Bg3 Nd4 33. Rdb1 Ke8 34. Rb8+ Kd7 35. Rh8 Qxa3 36. Rbb8 Qf3 37. Rxh7 Ne2+ 38. Kh2 Nxg3 39. fxg3 Qf2+ 40. Kh1 Qf1+ 41. Kh2 Qf2+ 42. Kh1 Qf1+ 43. Kh2 Qf2+ 1/2-1/2

[Event "*** SCC Grand Prix: Titled Tuesday Blitz"]
[Site "Chess.com"]
[Date "2020.06.23"]
[Round "9"]
[White "Korchmar_Vasiliy"]
[Black "colegiodemadrid"]
[Result "0-1"]
[WhiteElo "2597"]
[BlackElo "2416"]
[TimeControl "180+1"]
[EndTime "11:45:37 PDT"]
[Termination "colegiodemadrid won on time"]

1. d4 Nf6 2. c4 g6 3. Nc3 Bg7 4. e4 d6 5. h3 O-O 6. Nf3 c5 7.
d5 e6 8. Bd3 exd5 9. exd5 Re8+ 10. Be3 Rxe3+ 11. fxe3 Qe7 12. e4 Nh5 13. O-O Nd7 14.
Qe1 Ne5 15. Nxe5 Bxe5 16. Rf3 Bd7 17. Ne2 b6 18. Qf2 Bxb2 19. Rf1 Rf8 20. g4 Ng7 21. Kg2 h5 22. gxh5 Nxh5 23. Ng3 Bd4 24. Qd2 Qh4 25.
Nxh5 Qxh5 26. Be2 Qh4 27. Qf4 Qxf4 28. Rxf4 Kg7 29. Bg4 Ba4 30. Be6 f6 31. Rg4 Rh8 32. Rf3 Rh6 33. h4 a5 34. Rfg3 Bd1 35. Rf4 Be5 36. Rf1 Bxg3 37. Kxg3 Be2 38. Rb1 Bxc4 39. Rxb6 Rh7 40. Rxd6 Kh6 41. Rc6 Rb7 42. Rxc5 Bxa2 43. Rc8 Rb3+ 44. Kf2 Rb2+ 45. Ke3 a4 0-1

[Event "*** SCC Grand Prix: Titled Tuesday Blitz"]
[Site "Chess.com"]
[Date "2020.06.23"]
[Round "9"]
[White "TST2014"]
[Black "Reader777"]
[Result "0-1"]
[WhiteElo "2524"]
[BlackElo "2694"]
[TimeControl "180+1"]
[EndTime "11:45:40 PDT"]
[Termination "Reader777 won on time"]

1. d4 Nf6 2. c4 e6 3. Nf3 c5 4. e3 cxd4 5. exd4 d5 6. Nc3 Nc6 7. Bd3 Be7 8. O-O O-O 9. a3 b6 10. cxd5 Nxd5 11. Qe2 Bb7 12. Rd1 Nxc3 13. bxc3 Na5 14.
Bb2 Rc8 15. Ne5 Bf6 16. c4 g6 17. Ng4 Bg7 18. d5 exd5 19. Bxg7 Kxg7 20. Qb2+ d4 21. Be2 Nxc4 22. Qxd4+ Qxd4 23. Rxd4 Na5 24. Rd7 Rfd8 25.
Rxd8 Rxd8 26. Ne3 Rd2 27. Bb5 Nb3 28. Rd1 Rxd1+ 29. Nxd1 Nd4 30. Bc4 Bc6 31. Nc3 b5 32. Bd3 a5 33. f3 b4 34. axb4 axb4 35. Nd1 Kf6 36. Kf2 Ke5 37. Ke3 Ne6 38. g3 Kd5 39. Nb2 Kc5 40. h4 Nd4 41. g4 Nxf3 42. Be4 Bxe4 43.
Kxe4 Nxh4 44. Nd3+ Kc4 45. Ne5+ Kc3 46. Nd7 f5+ 47.
gxf5 Nxf5 48. Nc5 b3 49. Na4+ Kc2 50. Kf4 b2 51. Nxb2 Kxb2 52. Kg5 h5 0-1

[Event "*** SCC Grand Prix: Titled Tuesday Blitz"]
[Site "Chess.com"]
[Date "2020.06.23"]
[Round "9"]
[White "Thej11"]
[Black "cassoulet"]
[Result "1-0"]
[WhiteElo "2555"]
[BlackElo "2649"]
[TimeControl "180+1"]
[EndTime "11:45:44 PDT"]
[Termination "Thej11 won by checkmate"]

1. d4 Nf6 2. c4 g6 3. Nc3 Bg7 4. e4 d6 5. Be2 O-O 6. Bg5 Nbd7 7.
Qd2 c5 8. d5 a6 9. a4 Qa5 10. Nf3 b5 11. cxb5 axb5 12. Bxb5 Ba6 13. Ra3 Bxb5 14. axb5 Qb4 15. Rxa8 Rxa8 16. O-O Nb6 17. e5 Nc4 18. Qe2 dxe5 19. Nxe5 Nxe5 20. Qxe5 Qxb2 21. d6 exd6 22. Qe3 Ra1 23. g3 Rxf1+ 24. Kxf1 Ng4 25. Qe8+ Bf8 26. Ne4 d5 27. h3 Qa1+ 28. Kg2 Qe5 29. Nf6+ Kg7 30. hxg4 Qxg5 31. Nd7 Bd6 32.
b6 Qxg4 33. b7 d4 34. b8=Q Bxb8 35. Qf8# 1-0

[Event "*** SCC Grand Prix: Titled Tuesday Blitz"]
[Site "Chess.com"]
[Date "2020.06.23"]
[Round "9"]
[White "Anuar_Is"]
[Black "KaterynaLagno"]
[Result "0-1"]
[WhiteElo "2819"]
[BlackElo "2688"]
[TimeControl "180+1"]
[EndTime "11:45:46 PDT"]
[Termination "KaterynaLagno won by resignation"]

1. e4 e5 2. Nf3 Nc6 3. Bb5 Bc5 4. c3 Nf6 5. O-O O-O 6. d4 Bb6 7. Nxe5 Nxe5 8. dxe5 Nxe4 9. Qf3 d5 10. Nd2 f5 11. c4 c6 12. Ba4 Qe7 13. cxd5 cxd5 14.
Bb3 Qxe5 15. Qd3 Be6 16. Nf3 Qf6 17. Be3 Bxe3 18. Qxe3 Qxb2 19. Nd4 f4 20. Qd3 Bf7 21. Rac1 Qd2 22. Rfd1 Qxd3 23. Rxd3 Rac8 24. Ra1 Nc5 25. Rd2 Nxb3 26. axb3 Rc3 27. f3 a6 28. Kf2 Re8 29. Rad1 g6 30. Rc2 Rxc2+ 31. Nxc2 Rc8 32. Nd4 Kg7 33. Ke2 Kf6 34. Kd3 g5 35. Re1 h5 36.
Kd2 Rc7 37. g3 fxg3 38. hxg3 h4 39. gxh4 gxh4 40. f4 Rc8 41. Rh1 Rh8 42. Ke3 h3 43. Kf3 Bg6 44. Kg3 Bf5 45. Kh2 Rg8 46. Re1 Rg2+ 47. Kh1 Rd2 48. Nf3 Rf2 0-1

[Event "*** SCC Grand Prix: Titled Tuesday Blitz"]
[Site "Chess.com"]
[Date "2020.06.23"]
[Round "9"]
[White "LionTheLeon_06"]
[Black "IwkooO"]
[Result "1-0"]
[WhiteElo "2701"]
[BlackElo "2526"]
[TimeControl "180+1"]
[EndTime "11:45:46 PDT"]
[Termination "LionTheLeon_06 won by resignation"]

1. d4 Nf6 2. c4 g6 3. Nc3 Bg7 4. e4 d6 5. h3 O-O 6. Bg5 c6 7.
Nf3 a6 8. a4 Nbd7 9. Be2 e5 10.
a5 Re8 11. d5 Qc7 12. O-O h6 13. Be3 cxd5 14. cxd5 Nc5 15. Nd2 Bd7 16. Qb1 Rec8 17. Rc1 Be8 18. b4 Ncd7 19. Nc4 Bf8 20. Na4 Qd8 21. Bd3 Kg7 22. Qa2 Rab8 23. Qd2 Kh7 24. Qd1 Rc7 25. Nab6 Qe7 26. Ra2 Nxb6 27. axb6 Rcc8 28.
Na5 Rxc1 29. Qxc1 Qd8 30. Rc2 Bb5 31. Bxb5 axb5 32. f3 Ne8 33. Rc7 Kg8 34. Rxb7 Rc8 35. Nc6 Qh4 36. Ra7 Kg7 37. b7 1-0

[Event "*** SCC Grand Prix: Titled Tuesday Blitz"]
[Site "Chess.com"]
[Date "2020.06.23"]
[Round "9"]
[White "MVM2008"]
[Black "angryhorse9"]
[Result "0-1"]
[WhiteElo "2100"]
[BlackElo "2452"]
[TimeControl "180+1"]
[EndTime "11:45:46 PDT"]
[Termination "angryhorse9 won by resignation"]

1. e4 c5 2. Nf3 Nc6 3. d4 cxd4 4. c3 Nf6 5. e5 Nd5 6. cxd4 d6 7. exd6 e6 8. Nc3 Bxd6 9. Bd3 O-O 10. Qe2 Nce7 11.
Ne4 Nf4 12. Bxf4 Bxf4 13. g3 Bd6 14. Nfg5 Bb4+ 15. Kf1 h6 16. Qh5 Nf5 17. Rd1 hxg5 18. Nxg5 Nh6 19. Bh7+ Kh8 20. Bg6 Qf6 21. Be4 Qe7 22.
Kg2 Bd7 23. a3 Bd6 24. Rhe1 Bc6 25. d5 exd5 26. Bd3 Qd7 27. Nf3 Qg4 28. Qxg4 Nxg4 29.
h3 Nf6 30. Ne5 Bxe5 31. Rxe5 Rfe8 32. Rde1 Rxe5 33. Rxe5 Re8 34. f4 Rxe5 35. fxe5 Nd7 0-1

[Event "*** SCC Grand Prix: Titled Tuesday Blitz"]
[Site "Chess.com"]
[Date "2020.06.23"]
[Round "9"]
[White "Stormeman100100"]
[Black "Gerasimenyuk_Miha"]
[Result "0-1"]
[WhiteElo "2448"]
[BlackElo "2329"]
[TimeControl "180+1"]
[EndTime "11:45:46 PDT"]
[Termination "Gerasimenyuk_Miha won by checkmate"]

1. Nf3 d6 2. d4 Nc6 3. d5 Nb8 4. c4 e5 5. Nc3 f5 6. e4 Nf6 7. Bd3 f4 8. g3 Be7 9. gxf4 exf4 10. Bxf4 O-O 11. Nd4 Bg4 12. Qd2 Nbd7 13. Bg3 Ne5 14. Be2 c5 15. dxc6 bxc6 16. Bxg4 Nfxg4 17. h3 c5 18.
hxg4 cxd4 19. Bxe5 dxe5 20. Nd5 Bg5 21. Qe2 Qa5+ 22. Kf1 Rf7 23. Kg2 Raf8 24. Rhf1 Qa6 25. f3 Qg6 26. c5 h5 27. b4 Bf4 28. Rh1 hxg4 29. fxg4 Be3 30. Nxe3 Qxe4+ 31. Kg1 dxe3 32. Rh2 Rf2 33. Qd1 Rxh2 34. Kxh2 Rf2+ 35. Kg3 Qg2+ 36. Kh4 Qh2+ 37. Kg5 Qf4+ 38. Kg6 Qf6+ 39. Kh5 Rh2# 0-1

[Event "*** SCC Grand Prix: Titled Tuesday Blitz"]
[Site "Chess.com"]
[Date "2020.06.23"]
[Round "9"]
[White "Volodar_Murzin"]
[Black "m_ezat"]
[Result "1-0"]
[WhiteElo "2717"]
[BlackElo "2546"]
[TimeControl "180+1"]
[EndTime "11:45:47 PDT"]
[Termination "Volodar_Murzin won by checkmate"]

1. e4 c6 2. d4 d5 3. f3 e6 4.
Nc3 Bb4 5. a3 Bxc3+ 6. bxc3 dxe4 7. Qe2 exf3 8. Nxf3 Nf6 9. Qe3 O-O 10. Bd3 c5 11.
O-O Nc6 12. Qf2 Qd5 13. Bg5 c4 14. Bxf6 cxd3 15. Qg3 g6 16. Ng5 b6 17. cxd3 b5 18. Rab1 a6 19. Qh4 h5 20. Rf3 e5 21. Ne4 exd4 22. Bxd4 f5 23. Nf6+ Rxf6 24. Qxf6 Ra7 25. Qh8+ Kf7 26. Qg7+ Ke8 27. Bxa7 Ne7 28. Re1 Bb7 29.
Qxe7# 1-0

[Event "*** SCC Grand Prix: Titled Tuesday Blitz"]
[Site "Chess.com"]
[Date "2020.06.23"]
[Round "9"]
[White "Mikhal867"]
[Black "Gareth-Bale11"]
[Result "1-0"]
[WhiteElo "2359"]
[BlackElo "2696"]
[TimeControl "180+1"]
[EndTime "11:45:47 PDT"]
[Termination "Mikhal867 won by checkmate"]

1. c4 e6 2. g3 d5 3. Bg2 dxc4 4.
Nf3 c5 5. O-O Nc6 6. Qa4 Bd7 7.
Qxc4 Nf6 8. Nc3 a6 9. a4 Rc8 10. d4 Nxd4 11. Nxd4 cxd4 12. Qxd4 Bc5 13. Qh4 Qb6 14. a5 Qa7 15. Bg5 Be7 16. Be3 Qa8 17. Na4 Nd5 18. Qg4 Nf6 19. Qxg7 Rg8 20. Qh6 Ng4 21. Qxh7 Nf6 22. Qd3 Bb5 23. Qd2 Rd8 24. Qc2 Ng4 25. Bc5 Qc8 26. b4 Rh8 27. h3 Ne5 28.
Nb6 Qb8 29. Rad1 Kf8 30. Bxe7+ Kxe7 31. Qc5+ Kf6 32. f4 Ng6 33. f5 Rxd1 34. Rxd1 exf5 35. Rd6+ Kg7 36. Qd4+ Kh7 37. Nd5 Rc8 38. Nf6+ Kh6 39. Qd2+ Kg7 40. Nh5+ Kh7 41. Qd4 Rc1+ 42. Kh2 Qf8 43. Rd8 Qh6 44. Nf6+ Kg7 45. Rg8# 1-0

[Event "*** SCC Grand Prix: Titled Tuesday Blitz"]
[Site "Chess.com"]
[Date "2020.06.23"]
[Round "9"]
[White "CroissantNeuf"]
[Black "shnitez"]
[Result "1-0"]
[WhiteElo "2393"]
[BlackElo "2494"]
[TimeControl "180+1"]
[EndTime "11:45:47 PDT"]
[Termination "CroissantNeuf won on time"]

1. e4 c5 2. Nf3 e6 3. c3 Nf6 4.
e5 Nd5 5. Bc4 Nb6 6. Bb3 c4 7.
Bc2 d6 8. exd6 Bxd6 9. b3 O-O 10. O-O e5 11. bxc4 Nxc4 12. Qe2 Qc7 13. d4 Nd7 14.
Bg5 Re8 15. Nbd2 Nxd2 16. Qxd2 e4 17. Rfe1 h6 18. Bh4 f5 19. Bb3+ Kh7 20. Ng5+ hxg5 21. Qxg5 g6 22. Bf7 Rg8 23. Bxg8+ Kxg8 24. Qxg6+ Kh8 25.
Re3 f4 26. Rh3 1-0

[Event "*** SCC Grand Prix: Titled Tuesday Blitz"]
[Site "Chess.com"]
[Date "2020.06.23"]
[Round "9"]
[White "Boninknights"]
[Black "THE_PLAYER6"]
[Result "0-1"]
[WhiteElo "2305"]
[BlackElo "2450"]
[TimeControl "180+1"]
[EndTime "11:45:47 PDT"]
[Termination "THE_PLAYER6 won by resignation"]

1. d4 Nf6 2. Nf3 d5 3. c4 e6 4. g3 Be7 5. Bg2 O-O 6. O-O dxc4 7. Na3 Bxa3 8. bxa3 c5 9. dxc5 Qe7 10. Qd6 Qxd6 11. cxd6 Rd8 12. Rd1 Nc6 13. Bf4 Nd5 14.
Ne5 Nxe5 15. Bxe5 f6 16. Bf4 Nxf4 17. gxf4 Rb8 18. a4 Bd7 19. a5 b5 20. axb6 axb6 21. a4 Rdc8 22. Rdb1 c3 23. Rb4 Rc5 24. Kf1 Kf7 25.
Ke1 e5 26. Kd1 exf4 27. Rxf4 b5 28. axb5 Rb6 29. Ra7 Rxd6+ 30. Kc1 c2 0-1

[Event "*** SCC Grand Prix: Titled Tuesday Blitz"]
[Site "Chess.com"]
[Date "2020.06.23"]
[Round "9"]
[White "doctorcristian"]
[Black "goldaxe"]
[Result "0-1"]
[WhiteElo "2399"]
[BlackElo "2310"]
[TimeControl "180+1"]
[EndTime "11:45:47 PDT"]
[Termination "goldaxe won by resignation"]

1. e4 e5 2. Nf3 Nc6 3. Nc3 Nf6 4. g3 d5 5. exd5 Nxd5 6. Bg2 Nxc3 7. bxc3 Be7 8. O-O O-O 9. d3 Bc5 10. Rb1 Bb6 11.
Nd2 Be6 12. c4 Qd7 13. Ba3 Rfe8 14. c5 Ba5 15. Rxb7 Bxd2 16. Qxd2 Bd5 17. Bxd5 Qxd5 18.
Rxc7 Nd4 19. c4 Qd8 20. Qa5 Nc6 21. Rxc6 Qxa5 22. Bc1 Rad8 23. Be3 Rxd3 24. Rb1 Qxa2 25. Rb7 Qxc4 26. Rcc7 Rd1+ 27. Kg2 e4 28. Kh3 Qe6+ 29.
Kg2 a5 30. Ra7 Qc4 31. Kh3 a4 32. Re7 Rc8 33. Rec7 Qe6+ 34. Kg2 Rxc7 35. Rxc7 Rd8 36. Ra7 Qc6 37. h4 Ra8 38. Re7 a3 39. h5 a2 40. Bd4 a1=Q 0-1

[Event "*** SCC Grand Prix: Titled Tuesday Blitz"]
[Site "Chess.com"]
[Date "2020.06.23"]
[Round "9"]
[White "DonBroca"]
[Black "MateusViageiro"]
[Result "0-1"]
[WhiteElo "2134"]
[BlackElo "2249"]
[TimeControl "180+1"]
[EndTime "11:45:47 PDT"]
[Termination "MateusViageiro won by resignation"]

1. e4 c5 2. Nf3 d6 3. d4 cxd4 4. Nxd4 Nf6 5. Nc3 a6 6. Bg5 e6 7. f4 h6 8. Bh4 Be7 9. Qd3 Nbd7 10. O-O-O Nc5 11. Qe2 Nfxe4 12. Nxe4 Bxh4 13. Nxc5 dxc5 14. Nxe6 Qxd1+ 15. Qxd1 Bxe6 16. g3 Bf6 17. Qe1 O-O 18. Bd3 Bd5 19. Rf1 c4 20. Bf5 c3 21. b3 Rfe8 22.
Qf2 Rad8 23. Rd1 g6 24. Bg4 b5 25. h4 h5 26. Be2 Be4 27. Rxd8 Rxd8 28. Qe3 Bf5 29.
Bd3 Bxd3 30. cxd3 Kf8 31. Qc5+ Kg7 32. Qb6 Re8 33. Qxa6 Re1+ 34. Kc2 Re2+ 35. Kd1 Rd2+ 36. Kc1 Rxd3 37. Qxb5 Rxg3 38. a4 Bd4 39. Qc4 Rg1+ 40. Kc2 Rg2+ 41. Kd1 c2+ 42. Qxc2 Rxc2 43. Kxc2 Kf6 44.
Kd3 Bc5 45. Kc4 Ba7 46. b4 Kf5 47. Kd5 Kxf4 48. Kc6 g5 49. Kb7 Be3 50. a5 gxh4 51. b5 h3 52. b6 h2 53. a6 0-1

[Event "*** SCC Grand Prix: Titled Tuesday Blitz"]
[Site "Chess.com"]
[Date "2020.06.23"]
[Round "9"]
[White "PauloCesarCosta_sad"]
[Black "WinstonSilvakov"]
[Result "1/2-1/2"]
[WhiteElo "2229"]
[BlackElo "2142"]
[TimeControl "180+1"]
[EndTime "11:45:47 PDT"]
[Termination "Game drawn by repetition"]

1. Nf3 Nf6 2. c4 c5 3. Nc3 Nc6 4. g3 d6 5. d4 e5 6. dxe5 dxe5 7. Qxd8+ Kxd8 8. Bg2 Be6 9. b3 Nd4 10. Nxd4 cxd4 11.
Ne4 Nxe4 12. Bxe4 Bb4+ 13. Bd2 Bxd2+ 14. Kxd2 Kc7 15. Rhc1 f5 16. Bg2 Rhd8 17. Ke1 Rd7 18. Rd1 Rad8 19. Rd2 e4 20. Rad1 a5 21. h4 Kb6 22.
Bh3 g6 23. Bg2 Kc5 24. a3 a4 25. bxa4 Bxc4 26. Rb1 d3 27. exd3 Bxd3 28. Rc1+ Kd4 29. Bf1 Ra8 30. Rcd1 Ke5 31. Bxd3 exd3 32. Rxd3 Rxd3 33.
Rxd3 Rxa4 34. Rb3 Ra7 35. Ke2 h6 36. Ke3 b6 37. f4+ Kd5 38. Rxb6 Rxa3+ 39. Kf2 Ra2+ 40. Kf3 Ra3+ 41. Kg2 Ke4 42. Rxg6 Ra2+ 43. Kh3 Kf3 44. Rxh6 Ra1 45. Kh2 Ra2+ 46. Kh3 Ra1 47. Kh2 Ra2+ 48. Kh3 1/2-1/2

[Event "*** SCC Grand Prix: Titled Tuesday Blitz"]
[Site "Chess.com"]
[Date "2020.06.23"]
[Round "9"]
[White "bratkoo"]
[Black "Karateloru"]
[Result "0-1"]
[WhiteElo "2435"]
[BlackElo "2631"]
[TimeControl "180+1"]
[EndTime "11:45:48 PDT"]
[Termination "Karateloru won by resignation"]

1. e4 c5 2. Nf3 e6 3. Nc3 Nc6 4. d4 cxd4 5. Nxd4 Bc5 6. Nb3 Bb6 7. Bd3 Nge7 8. Qe2 O-O 9. Be3 f5 10. Bxb6 axb6 11. exf5 Nxf5 12. O-O d5 13. a3 Kh8 14. Rad1 Qg5 15. Bxf5 Qxf5 16. Nb5 Qf6 17. c3 Bd7 18. Rfe1 Rad8 19. N5d4 e5 20. Nxc6 Bxc6 21. Rd2 Rde8 22. Qe3 h6 23. Qxb6 d4 24. cxd4 exd4 25. Rf1 Qg5 26.
f3 Qe3+ 27. Kh1 Bd5 28. Qxd4 Bxb3 29. Qxe3 Rxe3 30. Kg1 Bc4 31. Rc1 b5 32. Kf2 Rfe8 33. Rcc2 Rd3 34. Rxd3 Bxd3 35. Rd2 Bc4 36. g4 Kg8 37. h4 Kf7 38. g5 hxg5 39. hxg5 Re5 40. f4 Rd5 41. Rc2 Ke6 42. a4 Kf5 43. axb5 Bxb5 44.
Rc7 g6 45. Rf7+ Kg4 46. Ke3 Bd3 47. b4 Bf5 48. Ke2 Rb5 49. Ke3 Rxb4 50. Rc7 Rxf4 51. Rc1 Re4+ 52. Kf2 Kxg5 0-1

[Event "*** SCC Grand Prix: Titled Tuesday Blitz"]
[Site "Chess.com"]
[Date "2020.06.23"]
[Round "9"]
[White "Lector118"]
[Black "Novoselski"]
[Result "1-0"]
[WhiteElo "2476"]
[BlackElo "2313"]
[TimeControl "180+1"]
[EndTime "11:45:48 PDT"]
[Termination "Lector118 won by resignation"]

1. d4 d6 2. e4 Nf6 3. Nc3 e5 4. Nge2 Be7 5. f3 O-O 6. Be3 c6 7. Qd2 Qc7 8. O-O-O b5 9. g4 a6 10. g5 Nfd7 11. h4 b4 12. Nb1 c5 13. d5 a5 14.
Ng3 Nb6 15. Nf5 Bxf5 16. exf5 f6 17. g6 h5 18. f4 N8d7 19. Qe2 Rfc8 20. Qxh5 Nf8 21.
fxe5 fxe5 22. Qf3 Bf6 23. h5 e4 24. Qh3 Na4 25. b3 Nc3 26. h6 a4 27. hxg7 Bxg7 28. Bg5 axb3 29. Nxc3 bxc3 30. cxb3 Qa5 31. Rh2 Qa3+ 32. Kb1 c2+ 33. Rxc2 Qxb3+ 34. Qxb3 1-0

[Event "*** SCC Grand Prix: Titled Tuesday Blitz"]
[Site "Chess.com"]
[Date "2020.06.23"]
[Round "9"]
[White "akashcheck"]
[Black "JoachimMouhamad"]
[Result "1-0"]
[WhiteElo "2240"]
[BlackElo "2419"]
[TimeControl "180+1"]
[EndTime "11:45:48 PDT"]
[Termination "akashcheck won by resignation"]

1. e4 e5 2. Nf3 Nc6 3. d4 exd4 4. Nxd4 Nf6 5. Nc3 Bb4 6. Nxc6 bxc6 7. Bd3 d5 8. exd5 cxd5 9. O-O O-O 10. Bg5 c6 11. Qf3 h6 12. Bxf6 Qxf6 13. Qxf6 gxf6 14. Ne2 Bd6 15. Nd4 Bd7 16. Bf5 c5 17. Bxd7 cxd4 18. Rad1 Bc5 19. b4 Rad8 20. bxc5 Rxd7 21. Rxd4 Rc8 22. c4 Rxc5 23. Rfd1 Ra5 24. Rxd5 Raxd5 25. cxd5 Rd6 26. f4 Kf8 27. Kf2 Ke7 28. Ke3 Ra6 29.
Rd2 Kd6 30. Ke4 Ra5 31. Kf5 Ke7 32. Re2+ Kd6 33. Kxf6 Rxd5 34. g3 h5 35. Kxf7 h4 36.
Kf6 h3 37. f5 Rd1 38. Kg5 Rg1 39. Kg4 Rg2 40. Re6+ Kd7 41. Kxh3 Rxa2 42. g4 a5 43. g5 a4 44. g6 Ra3+ 45. Kh4 Ra2 46. g7 Rxh2+ 47. Kg3 Rh1 48. Kg2 1-0

[Event "*** SCC Grand Prix: Titled Tuesday Blitz"]
[Site "Chess.com"]
[Date "2020.06.23"]
[Round "9"]
[White "EvgenyRomanov"]
[Black "Shuvalov"]
[Result "1-0"]
[WhiteElo "2626"]
[BlackElo "2443"]
[TimeControl "180+1"]
[EndTime "11:45:49 PDT"]
[Termination "EvgenyRomanov won by checkmate"]

1. e4 e6 2. d4 d5 3. e5 c5 4. c3 Nc6 5. Nf3 Qb6 6. Be2 Nh6 7. a3 cxd4 8. cxd4 Nf5 9. O-O Nfxd4 10. Nxd4 Qxd4 11.
Bd3 Qxe5 12. Re1 Qd6 13. Nc3 a6 14. Qh5 Be7 15. Bd2 h6 16. Rad1 Qd8 17. Qg4 Bf6 18.
Bb1 Ne7 19. Na4 e5 20. Qg3 Be6 21. Nc5 b6 22. Nxe6 fxe6 23. Bc3 d4 24. Bb4 O-O 25. Qd3 g6 26. Bxe7 Qxe7 27. Qxg6+ Qg7 28. Qh5 Qg5 29. Qh3 Rae8 30. Rd3 Kh8 31. Rg3 Qd2 32. Rf1 Bg7 33.
Rg6 Rf6 34. Qh5 Rxg6 35. Qxg6 Re7 36. Qh7# 1-0